 Dungeon Crawl Stone Soup version 0.20-b1-24-gb21faa7 (webtiles) character file.

5433 anfisbena the Carver (level 10, -4/68 HPs)
             Began as a Tengu Berserker on May 25, 2017.
             Was a High Priest of Trog.
             Slain by a wyvern (15 damage)
             ... on level 8 of the Dungeon.
             The game lasted 00:10:09 (9778 turns).

anfisbena the Carver (Tengu Berserker)              Turns: 9778, Time: 00:10:10

Health: -4/68      AC:  9    Str: 19    XL:     10   Next: 68%
Magic:  8/11       EV:  9    Int:  7    God:    Trog [*****.]
Gold:   320        SH:  9    Dex: 16    Spells: 9/9 levels left

rFire    . . .     SeeInvis .   a - +0 falchion
rCold    . . .     Gourm    +   G - +2 shield
rNeg     . . .     Faith    .   v - +0 chain mail
rPois    .         Spirit   .   (helmet restricted)
rElec    .         Reflect  .   (no cloak)
rCorr    +         Harm     .   (no gloves)
MR       ++...                  (boots unavailable)
Stlth    ..........             t - amulet of the gourmand
Regen    1.3/turn               u - ring of resist corrosion
MPRegen  0.2/turn               (no ring)

@: berserk cooldown, flying quickly and evasively, regenerating, slowed, very
slow
A: beak, talons 3, able to fly 1
a: Berserk, Trog's Hand, Brothers in Arms, Burn Spellbooks, Renounce Religion


You were on level 8 of the Dungeon.
You worshipped Trog.
Trog was extremely pleased with you.
You were full.

You visited 1 branch of the dungeon, and saw 8 of its levels.
You also visited: Sewer.

You collected 320 gold pieces.

Inventory:

Hand Weapons
 a - a +0 falchion (weapon)
Armour
 v - a +0 chain mail (worn)
 G - a +2 shield (worn)
 L - a +0 cloak
Jewellery
 f - an uncursed amulet of regeneration
 i - an uncursed amulet of guardian spirit
 t - an amulet of the gourmand (around neck)
 u - a ring of resist corrosion (left hand)
 H - an uncursed ring of see invisible {unknown}
Wands
 b - a wand of flame (25/48)
 y - a wand of random effects (36/48)
 E - a wand of confusion (16/48)
 F - a wand of confusion (26/48)
 J - a wand of iceblast (6/15)
Scrolls
 d - 5 scrolls of teleportation {unknown}
 e - 4 scrolls of immolation {unknown}
 g - 3 scrolls of recharging {unknown}
 k - 2 scrolls of random uselessness {unknown}
 l - 7 scrolls of remove curse {unknown}
 n - a scroll of enchant weapon {unknown}
 o - 4 scrolls of magic mapping {unknown}
 r - 4 scrolls of enchant armour {unknown}
 s - 11 scrolls of identify {unknown}
 w - a scroll of fog {unknown}
 z - a scroll of blinking {unknown}
 B - 2 scrolls of fear {unknown}
Potions
 h - 3 potions of agility {unknown}
 j - 2 potions of brilliance {unknown}
 m - a potion of ambrosia {unknown}
 p - 5 potions of lignification {unknown}
 q - a potion of haste
 x - 2 potions of might {unknown}
 A - 4 potions of resistance {unknown}
 I - a potion of berserk rage {unknown}
 K - a potion of mutation {unknown}
Comestibles
 c - 3 bread rations
 C - 4 meat rations
 D - a royal jelly


   Skills:
 - Level 10.0 Fighting
 + Level 11.6 Long Blades
 + Level 5.4 Armour
 + Level 5.6 Dodging


You had 9 spell levels left.
You didn't know any spells.

Dungeon Overview and Level Annotations

Branches:
Dungeon (8/15)             Temple (0/1) D:5
   Lair: D:8-11

Altars:
Ashenzari
Yredelemnul

Shops:
D:7 (


Innate Abilities, Weirdness & Mutations

You have a beak for a mouth.
You have claws for feet.
You can fly.


Message History

The wyvern hisses angrily.
The wyvern bites you but does no damage.
You block the wight's attack.
Okay, then.
The wyvern closely misses you.
The wyvern bites you but does no damage.
You block the wight's attack.
You swoop lightly up into the air.
You feel very comfortable in the air.
You feel somewhat less full. You block the wyvern's attack.
The wyvern bites you but does no damage.
The wight hits you but does no damage. The wyvern bites you!
You block the wight's attack. The wyvern bites you!
* * * LOW HITPOINT WARNING * * *
Your skin crawls.
You feel resistant to hostile enchantments.
You feel quite a bit less full. The wyvern bites you!
* * * LOW HITPOINT WARNING * * *
The wight hits you but does no damage. x2; The wyvern bites you!
You die...

... ##..# ...... ...# #.##
#...... #..## ##.# #......
#..# ##..## #....#
##...####..... #....#
##.....#....#..
#....##...........####
#...Y..........#..#
#..l@..###....#..##
##..z.####.........#
##..z#####..........##
#...(.z##.=....).....#
.........z....##..........
.............###..$.......
............###.z........#
###.........##...........#
#.........#...(.........


You could see a wyvern, an ice beast and 2 wights.

Vanquished Creatures
  A two-headed ogre (D:8)
  The ghost of Hailrake the Spear-Bearer, a novice MfBe of Trog (D:7)
  Pikel (D:4)
  Menkaure (D:5)
  Edmund (D:5)
  2 sky beasts (D:6)
  2 orc warriors
  2 ice beasts
  A slave (D:4)
  4 phantoms
  7 ogres
  A centaur (D:6)
  A big kobold (D:7)
  A crocodile (Sewer)
  4 bullfrogs
  A gnoll sergeant (D:7)
  4 scorpions
  3 wights (D:7)
  A howler monkey (D:4)
  3 bullfrog zombies
  A bullfrog skeleton (D:6)
  5 hounds
  3 orc priests
  8 orc wizards
  2 centaur skeletons
  Jessica (D:2)
  Terence (D:3)
  4 worker ants
  A hound skeleton (D:4)
  13 adders
  11 gnolls
  4 shadow imps
  4 adder skeletons
  2 adder zombies
  2 worms
  4 dart slugs
  4 leopard geckos
  21 orcs
  10 giant cockroaches
  7 hobgoblins
  7 jackals
  2 quokkas
  13 bats
  6 frilled lizards
  2 goblins
  10 kobolds
  A quokka zombie (D:5)
  6 rats
  A butterfly (D:5)
198 creatures vanquished.

Vanquished Creatures (others)
  An adder (D:4)
  A kobold (D:4)
2 creatures vanquished.

Grand Total: 200 creatures vanquished

Notes
Turn   | Place    | Note
-------+----------+-------------------------------------------
     0 | D:1      | anfisbena the Tengu Berserker began the quest for the Orb.
     0 | D:1      | Reached XP level 1. HP: 14/14 MP: 2/2
   287 | D:1      | Reached XP level 2. HP: 19/19 MP: 3/3
  1130 | D:2      | Reached skill level 4 in Long Blades
  1130 | D:2      | Reached XP level 3. HP: 11/23 MP: 2/4
  1457 | D:2      | Noticed Jessica
  1467 | D:2      | Killed Jessica
  1467 | D:2      | Reached XP level 4. HP: 24/29 MP: 5/5
  1723 | D:2      | Reached ** piety under Trog
  2078 | D:3      | Found a basalt altar of Yredelemnul.
  2079 | D:3      | Noticed an ice beast
  2082 | D:3      | Gained mutation: You can fly. [Tengu growth]
  2082 | D:3      | Reached XP level 5. HP: 34/34 MP: 6/6
  2088 | D:3      | Killed an ice beast
  2088 | D:3      | Reached skill level 5 in Fighting
  2088 | D:3      | Reached skill level 5 in Long Blades
  2089 | D:3      | Reached XP level 6. HP: 33/40 MP: 2/7
  2675 | D:3      | Reached skill level 6 in Long Blades
  3029 | D:3      | Noticed Terence
  3037 | D:3      | Killed Terence
  3037 | D:3      | Reached XP level 7. HP: 45/45 MP: 8/8
  3155 | D:3      | Reached *** piety under Trog
  3348 | D:4      | Noticed Pikel
  3359 | D:4      | Killed Pikel
  3359 | D:4      | Reached skill level 7 in Long Blades
  3359 | D:4      | Reached XP level 8. HP: 53/53 MP: 9/9
  3508 | D:4      | Reached skill level 8 in Long Blades
  3789 | D:4      | Found a shattered altar of Ashenzari.
  4823 | D:5      | Entered Level 5 of the Dungeon
  5068 | D:5      | Found a staircase to the Ecumenical Temple.
  5089 | D:5      | Noticed Edmund
  5098 | D:5      | Killed Edmund
  5174 | D:5      | Reached skill level 9 in Long Blades
  5276 | D:5      | Noticed Menkaure
  5283 | D:5      | Killed Menkaure
  5283 | D:5      | Reached XP level 9. HP: 46/60 MP: 10/10
  5739 | D:6      | Reached **** piety under Trog
  5814 | D:6      | Found a glowing drain.
  5826 | Sewer    | Entered a sewer
  6220 | D:6      | Reached skill level 10 in Long Blades
  7191 | D:6      | Reached skill level 10 in Fighting
  7915 | D:7      | Found Udweudgh's Antique Weapon Boutique.
  7916 | D:7      | Noticed Hailrake's ghost (novice MfBe)
  7930 | D:7      | Killed Hailrake's ghost
  7930 | D:7      | Reached skill level 11 in Long Blades
  7930 | D:7      | Reached XP level 10. HP: 68/68 MP: 11/11
  8352 | D:7      | Reached ***** piety under Trog
  9051 | D:7      | Reached skill level 5 in Dodging
  9749 | D:8      | Noticed a two-headed ogre
  9757 | D:8      | Killed a two-headed ogre
  9757 | D:8      | Reached skill level 5 in Armour
  9778 | D:8      | Slain by a wyvern

Skill      XL: |  1  2  3  4  5  6  7  8  9 10 |
---------------+-------------------------------+-----
Long Blades    | 4 5 6 7 9 11 | 11.6
Fighting       | 4 5 7 8 10 | 10.0
Armour         | 3 5 |  5.4
Dodging        | 3 5 |  5.6

Action                   |  1- 3 |  4- 6 |  7- 9 | 10-12 || total
-------------------------+-------+-------+-------+-------++-------
Melee: Falchion          |    55 |    75 |   374 |   170 ||   674
       Kick              |    17 |    33 |   140 |    64 ||   254
       Peck              |    12 |    17 |    80 |    55 ||   164
Invok: Berserk           |       |     5 |    15 |     7 ||    27
       Trog's Hand       |       |       |       |     1 ||     1
 Abil: Fly               |       |       |       |     3 ||     3
  Use: Potion            |       |       |       |     1 ||     1
 Stab: Sleeping          |     1 |     1 |       |       ||     2
  Eat: Chunk             |     1 |    18 |    31 |    11 ||    61
Armor: Animal skin       |    11 |     5 |       |       ||    16
       Chain mail        |       |    16 |   152 |    66 ||   234
Dodge: Dodged            |    39 |    50 |    85 |    43 ||   217
Block: Shield            |       |       |   114 |    72 ||   186
       Rpst.: Falchion   |    13 |    23 |    38 |     8 ||    82
